 Dungeon Crawl Stone Soup version 0.27-a0-1431-gcffa5a9b16 (webtiles) character file.

Game seed: 7022613122840000012

60 Tocho the Ruffian (level 3, -9/28 HPs)
             Began as a Draconian Transmuter on July 2, 2021.
             Mangled by a gnoll (13 damage)
             ... on level 2 of the Dungeon.
             The game lasted 00:04:01 (2243 turns).

Tocho the Ruffian (Draconian Transmuter)            Turns: 2243, Time: 00:04:02

Health: -9/28      AC:  5    Str: 13    XL:     3   Next: 82%
Magic:  4/6        EV: 12    Int: 13    God:
Gold:   34         SH:  0    Dex: 11    Spells: 3/6 levels left

rFire    . . .     SeeInvis .     - Unarmed
rCold    . . .     Faith    .   (no shield)
rNeg     . . .     Spirit   .   (armour unavailable)
rPois    .         Reflect  .   (helmet restricted)
rElec    .         Harm     .   (no cloak)
rCorr    .         Rampage  .   (no gloves)
Will     .....                  (no boots)
Stlth    +.........             (no amulet)
HPRegen  0.09/turn              (no ring)
MPRegen  0.10/turn              (no ring)

@: wereblooded
A: AC +5, unfitting armour, cold-blooded
a: no special abilities


You were on level 2 of the Dungeon.
You visited 1 branch of the dungeon, and saw 2 of its levels.

You collected 34 gold pieces.

Inventory:

Scrolls
 a - a scroll of silence {unknown}
 c - a scroll of teleportation {unknown}
Potions
 b - a potion of attraction {unknown}


   Skills:
 * Level 1.5 Fighting
 * Level 2.2 Dodging
 + Level 0.4 Stealth
 * Level 4.1 Unarmed Combat
 + Level 2.2 Spellcasting
 + Level 2.1 Transmutations


You had 3 spell levels left.
You knew the following spells:

 Your Spells              Type           Power      Damage    Failure   Level
a - Beastly Appendage     Tmut           12%        N/A       11%         1
b - Wereblood             Tmut           6%         N/A       16%         2

Your spell library contained the following spells:

 Spells                   Type           Power      Damage    Failure   Level
 Spider Form              Tmut/Pois      2%         N/A       43%         3
 Ice Form                 Ice/Tmut       4%         N/A       85%         4


Dungeon Overview and Level Annotations

Branches:
Dungeon (2/15)

Altars:


Innate Abilities, Weirdness & Mutations

Your plain brown scales are hard. (AC +5)
You cannot fit into any form of body armour.
You are cold-blooded and may be slowed by cold attacks.


Message History

Confirm with . or Enter, or press ? or * to list all spells.
You grow a pair of large bovine horns.
Your feet morph into talons.
The gnoll hits you with a +0 club. The gnoll closely misses you.
Casting: Beastly Appendage (safe; 11% risk of failure)
Confirm with . or Enter, or press ? or * to list all spells.
Your blood is infused with primal strength.
The gnoll completely misses you. The gnoll barely misses you.
You closely miss the gnoll. The gnoll hits you with a +0 club.
The jackal bites you but does no damage.
The gnoll hits you from afar with a +0 halberd.
Your transformation is almost over.
A jackal comes into view.
The jackal barks!
The jackal barely misses you.
You closely miss the jackal. You tail-slap the jackal.
The jackal is moderately wounded.
The jackal closely misses you.
You hit the jackal. Your kick misses the jackal.
The jackal is heavily wounded.
The jackal bites you but does no damage.
The jackal barely misses you.
You hit the jackal but do no damage. Your kick misses the jackal.
Your tail-slap misses the jackal.
The jackal is heavily wounded.
The gnoll hits you but does no damage.
The jackal bites you but does no damage.
You miss the jackal. You headbutt the jackal.
The jackal is almost dead.
The jackal barely misses you.
The gnoll hits you from afar with a +0 halberd.
You hit the jackal.
You feel a bit better.
You kill the jackal!
The gnoll hits you from afar with a +0 halberd.
The gnoll hits you with a +0 halberd!
* * * LOW HITPOINT WARNING * * *
You see here a jackal corpse.
You closely miss the gnoll.
Your horns disappear.
Your talons disappear.
The gnoll hits you with a +0 halberd!
You die...

#. # #.## #..##h.####
#........### #####..#.<.##
##.<.#..########
###.##.#......##
##################h............
#...>.<.........@gg...#......##
##########..#########........#
##...#########......#
###.#.......^......#
#................#
#................#
#................#
#..............###
#..............#


You could see 2 gnolls and a jackal.

Vanquished Creatures
  2 gnolls (D:1)
  A worm (D:2)
  4 endoplasms (D:1)
  A giant cockroach (D:1)
  5 hobgoblins
  4 jackals
  A quokka (D:1)
  A ball python (D:1)
  3 bats (D:1)
  2 frilled lizards
  5 goblins (D:1)
  3 kobolds (D:1)
  5 rats
37 creatures vanquished.

Notes
Turn   | Place    | Note
-------+----------+-------------------------------------------
     0 | D:1      | Tocho the Draconian Transmuter began the quest for the Orb.
     0 | D:1      | Reached XP level 1. HP: 16/16 MP: 3/3
   428 | D:1      | Reached XP level 2. HP: 23/23 MP: 3/5
   431 | D:1      | Learned a level 2 spell: Wereblood
   485 | D:1      | Found a faded altar of an unknown god.
  1150 | D:1      | Reached XP level 3. HP: 20/28 MP: 2/6
  1488 | D:2      | Reached skill level 4 in Unarmed Combat
  2243 | D:2      | Mangled by a gnoll

Illustrated notes

Levels and vault maps discovered:
D:1:      minmay_arrival_stair_chambers, layout_loops_corners,
          ebering_ecumenical_altar_abandoned, hangedman_decor_push, st_stairs_9,
          hangedman_decor_peaks_small, fountainhead, amethyst_killhole
D:2:      layout_rooms, minmay_splitting_lines, uniq_robin, uniq_jessica

Skill      XL: |  1  2  3 |
---------------+----------+-----
Dodging        | 2 |  2.2
Unarmed Combat | 4 |  4.1
Fighting       | |  1.5
Stealth        | |  0.4
Spellcasting   | |  2.2
Transmutations | |  2.1

Action                   || total
-------------------------++-------
Melee: Unarmed           ||   132
       Kick              ||    12
       Tailslap          ||     9
       Headbutt          ||     4
       Punch             ||     1
 Cast: Beastly Appendage ||    16
       Wereblood         ||     5
Armor: Skin              ||    38
Dodge: Dodged            ||    78

Table legend: (Time is in decaauts)
 A = Elapsed time spent in this place.
 B = Non-inter-level travel time spent in this place.
 C = Inter-level travel time spent in this place.
 D = Time resting spent in this place.
 E = Time spent auto-exploring this place.
 F = Levels seen in this place.
 G = Mean time per level.
                   A        B        C        D        E       F      G
               +--------+--------+--------+--------+--------+-----+--------+
         Total |   2236 |   2202 |     34 |    473 |   1259 |   2 | 1118.0 |
       Dungeon |   2236 |   2202 |     34 |    473 |   1259 |   2 | 1118.0 |
               +--------+--------+--------+--------+--------+-----+--------+

Top non-repeatable levels by time:
     D:1: 2124 daAuts
     D:2: 112 daAuts
